 Dungeon Sprint DCSS version 0.27-a0-1256-gced786f65e (webtiles) character file.

Game seed: 6053414340094078084

5170 mhtbhm the Unseen (level 10, -6/49 HPs)
             Began as a Felid Berserker on June 10, 2021.
             Was the Champion of Trog.
             Mangled by a spriggan rider
             ... wielding a +0 spear
              (12 damage)
             ... in the Dungeon (Sprint IV: "Fedhas' Mad Dash").
             The game lasted 00:04:46 (4097 turns).

mhtbhm the Unseen (Felid Berserker)                 Turns: 4097, Time: 00:04:47

Health: -6/49      AC:  6    Str: 16    XL:     10   Next: 34%
Magic:  11/11      EV: 26    Int:  9    God:    Trog [******]
Gold:   3          SH:  0    Dex: 16    Spells: 9/9 levels left
                                        Lives:  0   Deaths: 2

rFire    . . .     SeeInvis +     - Unarmed
rCold    . . .     Faith    .   (shield unavailable)
rNeg     . . .     Spirit   .   (armour unavailable)
rPois    .         Reflect  .   (helmet unavailable)
rElec    .         Harm     .   (cloak unavailable)
rCorr    +         Rampage  .   (gloves unavailable)
Will     +++..     NoTele   +   (boots unavailable)
Stlth    ++++++++..             h - amulet of invisibility {+Inv}
HPRegen  1.16/turn              k - +4 ring of protection
MPRegen  0.12/turn              l - ring of resist corrosion

@: lethally poisoned (-6 -> -6), strong-willed, on berserk cooldown,
regenerating, slowed, slow
A: very small, claws 1, fangs 3, see invisible, speed 1, shaggy fur 2, stealthy
paws, no weapons or thrown items, no armour, multi-lived
a: Renounce Religion, Evoke Invisibility, Berserk, Trog's Hand, Brothers in Arms


You were in the Dungeon.
You worshipped Trog.
Trog was exalted by your worship.
You visited 1 branch You collected 243 gold pieces.
You spent 240 gold pieces at shops.

Inventory:

Jewellery
 h - the amulet of invisibility (around neck) {+Inv}
   (You found it in the Dungeon)

   [amulet of nothing]

   It lets you turn invisible.
 i - an amulet of regeneration
 k - a +4 ring of protection (left paw)
 l - a ring of resist corrosion (right paw)
 m - a ring of fire
Scrolls
 a - a scroll of vulnerability {unknown}
 b - a scroll of amnesia {unknown}
 f - a scroll of blinking
 g - a scroll of holy word {unknown}
Potions
 c - 2 potions of haste
 d - 2 potions of magic
 e - a potion of berserk rage
 j - a potion of degeneration {unknown}


   Skills:
 + Level 8.6 Fighting
 + Level 14.1 Dodging
 + Level 20.5 Stealth
 + Level 16.5 Unarmed Combat
 + Level 11.5 Evocations


You had 9 spell levels left.
You didn't know any spells.
Your spell library was empty.

Dungeon Overview and Level Annotations

Branches:
Dungeon (1/1)

Altars:
Cheibriados
Dithmenos
Elyvilon
Gozag
Hepliaklqana
Kikubaaqudgha
Makhleb
Nemelex Xobeh
Okawaru
Qazlal
Ru
Sif Muna
Trog
Uskayaw
Vehumet
Wu Jian
Xom
Yredelemnul
Zin
The Shining One
Beogh
Jiyva
Lugonu

Shops:
D ([?:[([[**[

Annotations:
D exclusion: 2 oklob plants


Innate Abilities, Weirdness & Mutations

You have sharp claws.
You have razor-sharp teeth.
You have supernaturally acute eyesight. (SInv)
You cover ground quickly. (Speed+)
You are covered in thick fur. (AC +2)
Your paws help you pounce on unaware monsters.
You are incapable of wielding weapons or throwing items.
You cannot wear armour.
You gain extra lives every three experience levels.


Message History

You aren't carrying any items that you can evoke.
Unknown command.
Your cyclops goes berserk!
Unknown command.
Your cyclops rages.
An oklob plant meteorologist comes into view.
Your cyclops rages.
Marking area around an oklob plant as unsafe for travelling.
What are your orders? t - Meow!
Orders for allies: a - Attack new target. r - Retreat! s - Stop attacking. g - Guard the area. f - Follow me.
Anything else - Cancel.
Okay, then.
The spriggan rider throws a curare-tipped dart.
The curare-tipped dart hits you.
You are poisoned.
You have difficulty breathing.
You feel as though you will be slow longer.
Unknown command.
Okay, then.
You feel very sick.
Unknown command.
You feel very sick.
Your cyclops barely misses the spriggan rider.
The spriggan rider hits you from afar with a +0 spear!
* * * LOW HITPOINT WARNING * * *
Unknown command.
Your skin crawls.
You feel strong-willed.
You feel very sick.
Your cyclops closely misses the spriggan rider.
The spriggan rider completely misses you.
Your cyclops closely misses the spriggan rider.
Unknown command.
Unknown command.
You feel sick.
The spriggan rider hits you from afar with a +0 spear!
You die...

#...♣........'...#._._._._._.
#......♣.....#...############
#.....♣..♣..######♣♣♣♣♣..♣.##
##'####'######.)'......♣..♣##
#[.#....'.......#♣..♣♣♣.♣).##
#.)#..###.......#.♣♣..♣...♣'.
#############################
#..................)...# ##
#∩..†.......@......).P.#####.
#∩..†................P.......
#∩........Ci.........P...####
###########'##############
.... ....P.P .....## ##...##


You could see a spriggan rider (ally target) and a friendly cyclops (summoned,
berserk).

Vanquished Creatures
  Agnes (D)
  A ghost moth (D)
  A spriggan berserker (D)
  A spriggan druid (D)
  7 oklob plants (D)
  A demonic crawler (D)
  A queen bee (D)
  3 burning bushes (D)
  4 hornets (D)
  3 scorpions (D)
  4 killer bees (D)
  3 wandering mushrooms (D)
  5 oklob saplings (D)
  7 spriggans (D)
  A river rat (D)
  A rat (D)
  A ballistomycete spore (D)
45 creatures vanquished.

Vanquished Creatures (collateral kills)
  A spriggan defender (D)
  A demonic crawler (D)
2 creatures vanquished.

Vanquished Creatures (others)
  A ballistomycete spore (D)
  A bush (D)
  2 fungi (D)
4 creatures vanquished.

Grand Total: 51 creatures vanquished

Notes
Turn   | Place    | Note
-------+----------+-------------------------------------------
     0 | D        | mhtbhm the Felid Berserker began the quest for the Orb.
     0 | D        | Reached XP level 1. HP: 10/10 MP: 2/2
    12 | D        | Reached skill level 5 in Dodging
    12 | D        | Reached XP level 2. HP: 15/15 MP: 3/3
   156 | D        | Noticed an oklob sapling
   158 | D        | Killed an oklob sapling
   158 | D        | Reached ** piety under Trog
   159 | D        | Reached XP level 3. HP: 18/18 MP: 4/4
   313 | D        | Noticed a scorpion
   314 | D        | Found the amulet of invisibility {+Inv}
   317 | D        | Killed a scorpion
   318 | D        | Reached skill level 5 in Fighting
   318 | D        | Reached skill level 5 in Unarmed Combat
   318 | D        | Reached XP level 4. HP: 24/24 MP: 5/5
   476 | D        | Found an opulent altar of Gozag.
   476 | D        | Found a hazy altar of Hepliaklqana.
   476 | D        | Found a burning altar of Makhleb.
   476 | D        | Found a sparkling altar of Nemelex Xobeh.
   476 | D        | Found a snail-covered altar of Cheibriados.
   476 | D        | Found a sacrificial altar of Ru.
   476 | D        | Found a shimmering blue altar of Sif Muna.
   476 | D        | Found a shimmering altar of Xom.
   476 | D        | Found a basalt altar of Yredelemnul.
   477 | D        | Found a viscous altar of Jiyva.
   477 | D        | Found a bloodstained altar of Trog.
   477 | D        | Found an ornate altar of the Wu Jian Council.
   478 | D        | Found an iron altar of Okawaru.
   478 | D        | Found a shadowy altar of Dithmenos.
   478 | D        | Found a glowing silver altar of Zin.
   479 | D        | Found an ancient bone altar of Kikubaaqudgha.
   479 | D        | Found a hide-covered altar of Uskayaw.
   480 | D        | Found a stormy altar of Qazlal.
   480 | D        | Found a white marble altar of Elyvilon.
   480 | D        | Found a glowing golden altar of the Shining One.
   481 | D        | Found a corrupted altar of Lugonu.
   481 | D        | Found a radiant altar of Vehumet.
   489 | D        | Reached skill level 2 in Stealth
   489 | D        | Reached XP level 5. HP: 11/27 MP: 4/6
   869 | D        | Reached *** piety under Trog
   870 | D        | Reached skill level 3 in Stealth
   870 | D        | Reached skill level 1 in Evocations
   879 | D        | Reached skill level 4 in Stealth
   882 | D        | Reached skill level 5 in Stealth
   882 | D        | Gained mutation: You are covered in thick fur. (AC +2)
                  | [Felid growth]
   882 | D        | Reached XP level 6. HP: 33/33 MP: 5/7
  1015 | D        | Found Jiasem's Antique Armour Shop.
  1015 | D        | Found Roulip's Book Emporium.
  1128 | D        | Noticed a burning bush
  1128 | D        | Noticed a wandering mushroom
  1129 | D        | Noticed a wandering mushroom
  1535 | D        | Reached **** piety under Trog
  1814 | D        | Reached skill level 10 in Dodging
  1814 | D        | Reached skill level 6 in Stealth
  1927 | D        | Killed a wandering mushroom
  1928 | D        | Reached skill level 7 in Stealth
  2023 | D        | Killed a burning bush
  2024 | D        | Reached skill level 8 in Stealth
  2024 | D        | Reached skill level 10 in Unarmed Combat
  2024 | D        | Reached XP level 7. HP: 36/36 MP: 8/8
  2030 | D        | Found Cyalunt's Assorted Antiques.
  2030 | D        | Found Esmasecw's Antique Armour Shoppe.
  2138 | D        | Noticed a queen bee
  2145 | D        | Killed a queen bee
  2145 | D        | Reached ***** piety under Trog
  2146 | D        | Reached skill level 9 in Stealth
  2146 | D        | Reached skill level 5 in Evocations
  2151 | D        | Reached XP level 8. HP: 40/40 MP: 7/9
  2155 | D        | Reached skill level 10 in Stealth
  2240 | D        | Noticed an oklob plant
  2576 | D        | Killed an oklob plant
  2577 | D        | Reached skill level 11 in Stealth
  2851 | D        | Noticed a burning bush
  2854 | D        | Killed a burning bush
  2867 | D        | Noticed a burning bush
  2867 | D        | Noticed an oklob plant
  2868 | D        | Noticed a wandering mushroom
  2869 | D        | Killed a burning bush
  2874 | D        | Killed an oklob plant
  2875 | D        | Reached skill level 12 in Stealth
  2875 | D        | Reached XP level 9. HP: 44/44 MP: 7/10
  2878 | D        | Killed a wandering mushroom
  2890 | D        | Noticed a spriggan druid
  2891 | D        | Killed a spriggan druid
  2891 | D        | Reached ****** piety under Trog
  2892 | D        | Reached skill level 13 in Stealth
  3037 | D        | Noticed an oklob plant conjurer
  3039 | D        | Killed an oklob plant conjurer
  3297 | D        | Noticed an oklob plant
  3297 | D        | Noticed an oklob plant summoner
  3298 | D        | Noticed an oklob plant shifter
  3302 | D        | Killed an oklob plant
  3303 | D        | Reached skill level 14 in Stealth
  3304 | D        | Killed an oklob plant summoner
  3305 | D        | Reached XP level 10. HP: 48/48 MP: 8/11
  3307 | D        | Killed an oklob plant shifter
  3308 | D        | Reached skill level 15 in Stealth
  3319 | D        | Noticed a spriggan rider
  3320 | D        | Found Edweduh's General Store.
  3337 | D        | Reached skill level 10 in Evocations
  3346 | D        | Killed a spriggan rider
  3347 | D        | Reached skill level 16 in Stealth
  3405 | D        | Found Sekemes's Antique Armour Shoppe.
  3425 | D        | Bought a ring of resist corrosion for 240 gold pieces
  3447 | D        | Noticed Agnes
  3449 | D        | Found Keittuch's Antique Weapon Emporium.
  3449 | D        | Noticed a spriggan berserker
  3451 | D        | Found Jaotin's Antique Armour Shoppe.
  3453 | D        | Killed Agnes
  3454 | D        | Reached skill level 18 in Stealth
  3454 | D        | Reached skill level 15 in Unarmed Combat
  3458 | D        | Killed a spriggan berserker
  3464 | D        | Noticed a spriggan defender
  3470 | D        | Mangled by a spriggan defender
  3471 | D        | Reached XP level 9. HP: -11/67 MP: 10/10
  3471 | D        | Noticed an oklob plant demonologist
  3471 | D        | Noticed a spriggan berserker
  3471 | D        | Noticed an oklob plant annihilator
  3471 | D        | Killed an oklob plant demonologist
  3472 | D        | Reached XP level 10. HP: 48/48 MP: 11/11
  3473 | D        | Slain by a spriggan berserker
  3474 | D        | Reached XP level 9. HP: 0/67 MP: 10/10
  3478 | D        | Killed a spriggan defender
  3479 | D        | Reached skill level 19 in Stealth
  3748 | D        | Noticed a spriggan rider
  3944 | D        | Noticed a demonic crawler
  3944 | D        | Noticed a ghost moth
  3945 | D        | Found Ofiwueh's Antique Weapon Shoppe.
  3945 | D        | Found Myfil's Armour Boutique.
  3945 | D        | Found Qubiov's Magic Scroll Emporium.
  3955 | D        | Killed a ghost moth
  3956 | D        | Reached skill level 20 in Stealth
  3956 | D        | Reached XP level 10. HP: 22/49 MP: 0/11
  4087 | D        | Noticed a spriggan rider
  4092 | D        | Noticed an oklob plant meteorologist
  4097 | D        | Mangled by a spriggan rider

Illustrated notes

Levels and vault maps discovered:
D:        dungeon_sprint_fedhas [sprint_temple]

Skill      XL: |  1  2  3  4  5  6  7  8  9 10 |
---------------+-------------------------------+-----
Dodging        | 5 6 7 8 9 10 11 12 14 | 14.1
Fighting       | 4 5 6 7 8 |  8.6
Unarmed Combat | 4 5 6 8 10 11 12 16 15 | 16.5
Stealth        | 2 5 8 9 12 20 18 | 20.5
Evocations     | 2 4 5 8 11 10 | 11.5

Action                   |  1- 3 |  4- 6 |  7- 9 | 10-12 || total
-------------------------+-------+-------+-------+-------++-------
Melee: Unarmed           |    12 |    36 |    47 |    25 ||   120
       Bite              |     3 |     4 |     4 |       ||    11
       Punch             |       |     1 |     4 |     3 ||     8
Invok: Berserk           |     3 |     6 |     6 |     4 ||    19
       Brothers in Arms  |       |       |     1 |     2 ||     3
       Trog's Hand       |       |       |       |     1 ||     1
 Abil: Evoke Invisibilit |       |     3 |     4 |       ||     7
  Use: Potion            |       |     2 |       |       ||     2
 Stab: Sleeping          |       |     2 |    12 |     4 ||    18
       Invisible         |       |     2 |     2 |       ||     4
Armor: Skin              |       |     1 |     6 |     1 ||     8
Dodge: Dodged            |     7 |    33 |    45 |    15 ||   100

Table legend: (Time is in decaauts)
 A = Elapsed time spent in this place.
 B = Non-inter-level travel time spent in this place.
 C = Inter-level travel time spent in this place.
 D = Time resting spent in this place.
 E = Time spent auto-exploring this place.
 F = Levels seen in this place.
 G = Mean time per level.
                   A        B        C        D        E       F      G
               +--------+--------+--------+--------+--------+-----+--------+
         Total |   4151 |   4151 |      0 |   3619 |      0 |   1 | 4151.0 |
       Dungeon |   4151 |   4151 |      0 |   3619 |      0 |   1 | 4151.0 |
               +--------+--------+--------+--------+--------+-----+--------+

Top non-repeatable levels by time:
       D: 4151 daAuts
